woodfighter, chaotic female orcish Cavewoman ---- ...------- .<....|..| .----....| |...-- --.| |.| |.-- |..- ... -.%- |.... -@.-. hG. woodfighter the Cave Teen Experience level: 4 Strength: 18/06 Dexterity: 11 Constitution: 16 Intelligence: 8 Wisdom: 12 Charisma: 7 Health: 0(35) Energy: 10(10) Def: 2 Gold: 79 Moves: 1698 Dungeon seed: iQRbCAOr2E5sBGro Game ID: woodfighter_1475242203 Your Inventory: Coins $ - 79 gold pieces Weapons a - a +1 club (weapon in hand) b - a +2 sling (alternate weapon; not wielded) x - 4 +0 arrows z - a +0 bow Armor n - an uncursed +0 dwarvish iron helm q - a blessed +0 leather armor (being worn) N - a cursed -1 dwarvish cloak Comestibles c - 2 uncursed fortune cookies d - 2 uncursed food rations m - an uncursed eucalyptus leaf Scrolls f - a blessed scroll of light j - an uncursed scroll of destroy armor t - an uncursed scroll of scare monster v - a cursed scroll of magic mapping A - a blessed scroll of identify Spellbooks i - an uncursed spellbook of remove curse p - an uncursed spellbook of magic missile s - an uncursed spellbook of cure blindness Potions u - an uncursed potion of blindness Wands k - a wand of enlightenment (0:13) r - a wand of digging (0:8) B - a wand of magic missile (0:5) Tools l - a magic marker (0:48) y - an uncursed skeleton key C - 6 cursed tallow candles (0:200) Gems e - 7 uncursed flints (in quiver) Spells and supernatural/magical abilities: Name Level Category Fail Memory W - pray for help -- divine ? -- Your skills at the end: Miscellaneous Skills bare handed combat [Basic] Weapon Skills scimitar [Basic] club [Basic] sling [Basic] Spellcasting Skills Final Attributes: You were piously aligned. You were poison resistant. You were telepathic. You had infravision. You were very stealthy. You are dead. Vanquished creatures: a large mimic a floating eye a dwarf a giant bat 2 coyotes a gas spore a large kobold 2 geckos a yellow mold 2 gnomes 4 newts 3 sewer rats a grid bug 4 lichens a kobold zombie 26 creatures vanquished. Voluntary challenges: You did not adorn yourself with jewelry or accessories. You did not cause conflict. You were not invisible. You did not have reflection. You were not displaced. You were an atheist. You used a wielded weapon 28 times, starting on turn 65. You did not apply a unicorn horn. You did not use plumbed fixtures. You did not drink any magical draughts. You were illiterate. You never genocided any monsters. You never polymorphed an object. You never changed form. You used no wishes. You never split a pudding. You never wrote Elbereth's name. You never violated your personal moral code. Dungeon overview: The Dungeons of Doom: levels 1 to 5 Level 1 some fountains a long staircase Level 2 a jewelry store, a fountain Level 3 Level 4 (water) a weapon shop, a fountain stairs to The Gnomish Mines Level 5 The Gnomish Mines: Level 5 <- You were here stairs to The Dungeons of Doom History has recorded: On T:1 you entered the Dungeons of Doom to retrieve the Amulet of Yendor! On T:232 you reached level 2 of The Dungeons of Doom. On T:323 you reached level 3 of The Dungeons of Doom. On T:765 you reached level 4 of The Dungeons of Doom. On T:1058 you advanced to experience level 2. On T:1202 you reached level 1 of The Gnomish Mines. On T:1337 you reached level 5 of The Dungeons of Doom. On T:1343 you advanced to experience level 3. On T:1454 you advanced to experience level 4. Score breakdown: Gold: 79 ( 7 points) Experience: 4 levels ( 300 points) Exploration: 5 levels ( 120 points) Discoveries: 16 items ( 800 points) Variety of kills: 15 monsters ( 750 points) Major goal: (nothing yet) ( 0 points) Survival: died (score multiplied by 3) Total score: 5931 Latest messages: You stop exploring. The dwarf zaps a uranium wand! You stop exploring. The dwarf zaps a wand of magic missile! The gnome punches you! You kill the gnome! There are a few objects here. The gnome punches you! You kill the gnome! x - 4 arrows. z - a bow. A - a labeled NR 9. The dwarf zaps a wand of magic missile! The magic missile hits you! (2x) You hit the dwarf! The hobbit wields a runed dagger! You kill the dwarf! N - a hooded cloak. B - a wand of magic missile. C - 6 candles. There are a few more objects here. The hobbit thrusts her runed dagger at the cavewoman. The hobbit stabs you! The gnome punches you! You die... Final status: Goodbye woodfighter the Cavewoman, killed by a gnome... You died in The Gnomish Mines on dungeon level 5 with 5931 points, and 79 pieces of gold, after 1698 moves. You were level 4 with a maximum of 35 hit points when you died.